 Dungeon Crawl Stone Soup version 0.29-a0-284-gf9362112df (webtiles) character file.

Game seed: 14879793775055917605

564 Rennog the Skirmisher (level 7, 0/60 HPs)
             Began as a Formicid Fighter on Mar 28, 2022.
             Slain by an ogre
             ... wielding a +0 giant club
              (20 damage)
             ... on level 4 of the Dungeon.
             The game lasted 00:04:04 (3282 turns).

Rennog the Skirmisher (Formicid Fighter)            Turns: 3282, Time: 00:04:04

Health: 0/60       AC:  8    Str: 20    XL:     7   Next: 58%
Magic:  7/7        EV: 10    Int:  8    God:
Gold:   196        SH:  4    Dex: 12    Spells: 6/6 levels left

rFire   . . .      SeeInvis +   a - +0 flail
rCold   . . .      Faith    .   c - +0 buckler
rNeg    + . .      Spirit   .   b - +0 scale mail
rPois   .          Reflect  .   (helmet unavailable)
rElec   .          Harm     .   (no cloak)
rCorr   .          Rampage  .   (no gloves)
Will    .....                   j - +0 pair of boots
Stlth   +.........              (no amulet)
HPRegen 0.20/turn               y - ring of positive energy
MPRegen 0.10/turn               (no ring)

@: no status effects
A: permanent stasis, dig shafts and tunnels, antennae 3, four strong arms
a: Dig, Shaft Self


You were on level 4 of the Dungeon.
You visited 1 branch of the dungeon, and saw 4 of its levels.

You collected 196 gold pieces.

Inventory:

Hand Weapons
 a - a +0 flail (weapon)
Armour
 b - a +0 scale mail (worn)
 c - a +0 buckler (worn)
 j - a +0 pair of boots (worn)
Jewellery
 m - a ring of flight
 y - a ring of positive energy (left hand)
Scrolls
 h - 2 scrolls of identify {unknown}
 k - a scroll of brand weapon {unknown}
 l - a scroll of teleportation {unknown}
 r - a scroll of vulnerability {unknown}
 s - a scroll of fog {unknown}
 u - 3 scrolls of blinking {unknown}
 v - a scroll of enchant armour {unknown}
 x - a scroll of amnesia {unknown}
Potions
 d - a potion of might
 e - 4 potions of haste {unknown}
 f - a potion of magic {unknown}
 g - 3 potions of resistance {unknown}
 i - 2 potions of heal wounds {unknown}
 n - 2 potions of curing {unknown}
 o - a potion of mutation {unknown}
 p - 2 potions of ambrosia {unknown}
 q - a potion of degeneration {unknown}
 t - a potion of attraction {unknown}
 w - a potion of brilliance {unknown}


   Skills:
 * Level 7.4 Fighting
 - Level 2.0 Maces & Flails
 + Level 4.3 Armour
 - Level 1.6 Dodging
 + Level 3.5 Stealth
 - Level 3.6 Shields


You had 6 spell levels left.
You didn't know any spells.
Your spell library contained the following spells:

 Spells                   Type           Power      Damage    Failure   Level
 Freeze                   Ice            0%         1d3       83%         1
 Frozen Ramparts          Ice            0%         1d2       99%         3
 Hailstorm                Conj/Ice       0%         3d3       100%        4


Dungeon Overview and Level Annotations

Branches:
Dungeon (4/15)
 Temple: D:4-7

Altars:

Shops:
D:3 (


Innate Abilities, Weirdness & Mutations

You cannot be hasted, slowed, berserked, paralysed or teleported.
You can dig through walls and to a lower floor.
You have a pair of large antennae on your head. (SInv)
Your four strong arms can wield two-handed weapons with a shield.


Message History

You are too injured to fight recklessly!
You are too injured to fight recklessly!
You are too injured to fight recklessly!
You are too injured to fight recklessly!
You are too injured to fight recklessly!
You are too injured to fight recklessly!
You closely miss the howler monkey.
The howler monkey hits you but does no damage.
You barely miss the howler monkey.
The howler monkey hoots and howls with incredible vigour!
The howler monkey hits you.
You closely miss the howler monkey.
The howler monkey hits you but does no damage. x2
You hit the howler monkey.
The howler monkey is lightly wounded.
The howler monkey hits you but does no damage.
You hit the howler monkey but do no damage.
The howler monkey is lightly wounded.
The howler monkey completely misses you.
The howler monkey misses you.
You barely miss the howler monkey.
The howler monkey is lightly wounded.
The howler monkey barely misses you. You block the howler monkey's attack.
You hit the howler monkey.
The howler monkey is moderately wounded.
You block the howler monkey's attack.
You hit the howler monkey.
The howler monkey is moderately wounded.
The howler monkey hits you. You block the howler monkey's attack.
You sock the howler monkey!
The howler monkey is severely wounded.
The howler monkey completely misses you.
You sock the howler monkey!
You kill the howler monkey!
An ogre comes into view. It is wielding a +0 giant club.
The orc wizard hits you but does no damage.
The orc wizard attacks as you move away!
The orc wizard hits you but does no damage.
The ogre hits you with a +0 giant club!!
You die... ##P.. ... ...o. #P.. .### ..... ##P.. ## ..♣.♣. #PP.. ####......
PP..

####.#.......
.....###..).†....#
.....#..o###....## #...O.#
##...# # #...@#####.....>
####..#.##....#..#..
......#.......#.....
..##.#..........#...
..#............###.##
#............#.## ...## .###
##............#..# .....
....##...........<...###.##.##.
.........................#....


You could see an ogre and an orc wizard (invisible).

Vanquished Creatures
  Grinder (D:4)
  A necrophage (D:4)
  A howler monkey (D:4)
  3 hounds
  A jelly (D:4)
  2 iguanas
  4 adders
  2 worms (D:2)
  3 dart slugs
  2 orcs
  6 bats
  3 endoplasms
  4 giant cockroaches
  11 goblins
  8 hobgoblins
  4 jackals (D:2)
  2 quokkas
  7 ball pythons
  4 frilled lizards
  3 kobolds
  6 rats
78 creatures vanquished.

Notes
Turn   | Place    | Note
-------+----------+-------------------------------------------
     0 | D:1      | Rennog the Formicid Fighter began the quest for the Orb.
     0 | D:1      | Reached XP level 1. HP: 18/18 MP: 1/1
   124 | D:1      | Reached XP level 2. HP: 25/25 MP: 2/2
   145 | D:1      | Reached skill level 4 in Fighting
   316 | D:1      | Reached XP level 3. HP: 31/31 MP: 3/3
   659 | D:1      | Found a faded altar of an unknown god.
  1161 | D:2      | Reached XP level 4. HP: 36/38 MP: 4/4
  1181 | D:2      | Reached skill level 5 in Fighting
  1649 | D:3      | Reached skill level 1 in Dodging
  1850 | D:3      | Reached XP level 5. HP: 44/44 MP: 5/5
  2078 | D:3      | Found Enekiadof's Antique Weapon Shop.
  2374 | D:4      | Reached skill level 1 in Stealth
  2612 | D:3      | Reached skill level 6 in Fighting
  2904 | D:4      | Noticed a phantom
  3007 | D:4      | Reached XP level 6. HP: 43/53 MP: 6/6
  3166 | D:4      | Noticed an ogre
  3244 | D:4      | Noticed Grinder
  3266 | D:4      | Killed Grinder
  3267 | D:4      | Reached skill level 7 in Fighting
  3267 | D:4      | Reached XP level 7. HP: 36/60 MP: 7/7
  3282 | D:4      | Slain by an ogre

Illustrated notes

Levels and vault maps discovered:
D:1:      giann_forest_graveyard, layout_loops_ring,
          hellmonk_ecumenical_altar_leap_of_faith
D:2:      layout_basic
D:3:      layout_basic, serial_shops, shop
D:4:      layout_cave_pools, serial_park, serial_park_fountain,
          serial_park_gazebo [serial_park_minivault_5x5_1], serial_park_square3
          [serial_park_minivault_5x5_1], minmay_manual_macuahuitl, uniq_grinder

Skill      XL: |  1  2  3  4  5  6 |
---------------+-------------------+-----
Fighting       | 4 5 6 7 |  7.4
Dodging        | 1 |  1.6
Stealth        | 2 3 |  3.5
Armour         | 4 |  4.3
Maces & Flails | |  2.0
Shields        | |  3.6

Action                   |  1- 3 |  4- 6 |  7- 9 || total
-------------------------+-------+-------+-------++-------
Melee: Flail             |    91 |   172 |    13 ||   276
Armor: Scale mail        |    39 |   102 |     7 ||   148
Dodge: Dodged            |    38 |    93 |     5 ||   136
Block: Buckler           |    17 |    44 |     3 ||    64

Table legend: (Time is in decaauts)
 A = Elapsed time spent in this place.
 B = Non-inter-level travel time spent in this place.
 C = Inter-level travel time spent in this place.
 D = Time resting spent in this place.
 E = Time spent auto-exploring this place.
 F = Levels seen in this place.
 G = Mean time per level.
                   A        B        C        D        E       F      G
               +--------+--------+--------+--------+--------+-----+--------+
         Total |   3374 |   3147 |    227 |    169 |   2264 |   4 |  843.5 |
       Dungeon |   3374 |   3147 |    227 |    169 |   2264 |   4 |  843.5 |
               +--------+--------+--------+--------+--------+-----+--------+

Top non-repeatable levels by time:
     D:3: 1087 daAuts
     D:1: 877 daAuts
     D:2: 794 daAuts
     D:4: 616 daAuts
